 Dungeon Crawl Stone Soup version 0.28.0-47-ge53b351184 (webtiles) character file.

Game seed: 10164241752171639526

55 PACMANKE the Ruffian (level 3, 0/26 HPs)
             Began as a Gnoll Wanderer on May 1, 2022.
             Was a Believer of Vehumet.
             Slain by a quokka (1 damage)
             ... on level 2 of the Dungeon.
             The game lasted 00:07:18 (1859 turns).

PACMANKE the Ruffian (Gnoll Wanderer)               Turns: 1859, Time: 00:07:18

Health: 0/26       AC:  4    Str: 14    XL:     3   Next: 93%
Magic:  7/7        EV: 11    Int: 10    God:    Vehumet [**....]
Gold:   50         SH:  0    Dex: 11    Spells: 3/7 levels left

rFire   . . .      SeeInvis .   e - +0 dagger (freeze)
rCold   . . .      Faith    .   (no shield)
rNeg    . . .      Spirit   .   c - +0 leather armour
rPois   .          Reflect  .   (no helmet)
rElec   .          Harm     .   b - +0 cloak
rCorr   .          Rampage  .   (no gloves)
Will    .....                   (no boots)
Stlth   +++.......              (no amulet)
HPRegen 0.08/turn               (no ring)
MPRegen 0.10/turn               (no ring)

@: no status effects
A: fangs 1, strong nose, distributed training
a: Renounce Religion


You were on level 2 of the Dungeon.
You worshipped Vehumet.
Vehumet was pleased with you.
You visited 1 branch of the dungeon, and saw 2 of its levels.

You collected 50 gold pieces.

Inventory:

Hand Weapons
 e - a +0 dagger of freezing (weapon)
Armour
 b - a +0 cloak (worn)
 c - a +0 leather armour (worn)
Scrolls
 g - a scroll of enchant armour {unknown}
Potions
 a - a potion of haste {unknown}
 d - a potion of lignification
 f - 2 potions of resistance
 h - a potion of brilliance {unknown}
 i - a potion of curing {unknown}
 j - a potion of mutation {unknown}


   Skills:
 + Level 1.0 Fighting
 + Level 1.0 Short Blades
 + Level 1.0 Long Blades
 + Level 1.0 Axes
 + Level 1.0 Maces & Flails
 + Level 1.0 Polearms
 + Level 1.0 Staves
 + Level 1.0 Slings
 + Level 1.0 Bows
 + Level 1.0 Crossbows
 + Level 1.0 Throwing
 + Level 1.0 Armour
 + Level 1.0 Dodging
 + Level 6.0 Stealth
 + Level 1.0 Shields
 + Level 6.5 Unarmed Combat
 + Level 2.9 Spellcasting
 + Level 0.7 Conjurations
 + Level 0.7 Hexes
 + Level 0.7 Summonings
 + Level 0.7 Necromancy
 + Level 0.7 Translocations
 + Level 0.7 Transmutations
 + Level 0.7 Fire Magic
 + Level 0.7 Ice Magic
 + Level 0.7 Air Magic
 + Level 0.7 Earth Magic
 + Level 5.4 Poison Magic
 + Level 1.0 Invocations
 + Level 1.0 Evocations


You had 3 spell levels left.
You knew the following spells:

 Your Spells              Type           Power      Damage    Failure   Level
a - Sting                 Tmut/Pois      28%        1d4       10%         1
b - Magic Dart            Conj           8%         1d3       26%         1
c - Searing Ray           Conj           4%         2d4       36%         2

Your spell library contained the following spells:

 Spells                   Type           Power      Damage    Failure   Level
 Poisonous Vapours        Pois/Air       14%        N/A       16%         2
 Spider Form              Tmut/Pois      7%         N/A       30%         3
 Mephitic Cloud           Conj/Pois/Air  6%         N/A       38%         3
 Olgreb's Toxic Radiance  Pois           12%        N/A       36%         4


Dungeon Overview and Level Annotations

Branches:
Dungeon (2/15)

Altars:
Vehumet


Innate Abilities, Weirdness & Mutations

You have very sharp teeth.
Your uncanny sense of smell can sniff out nearby items.
Your experience applies equally to all skills.


Message History

The jackal is heavily wounded.
The quokka closely misses you.
The jackal bites you but does no damage.
The jackal misses you.
You hit the jackal but do no damage.
The jackal is severely wounded.
The jackal closely misses you. The quokka closely misses you.
The jackal barely misses you.
You hit the jackal. You freeze the jackal.
You kill the jackal!
Vehumet accepts your kill. The jackal barely misses you.
The quokka barely misses you. The jackal bites you.
You barely miss the hobgoblin. The quokka misses you.
The jackal closely misses you. The hobgoblin closely misses you.
The quokka bites you.
You closely miss the hobgoblin. The jackal bites you.
The hobgoblin closely misses you. The quokka barely misses you.
You hit the hobgoblin. You freeze the hobgoblin.
The hobgoblin is severely wounded.
The jackal barely misses you.
The hobgoblin hits you but does no damage.
The quokka bites you.
The jackal bites you but does no damage.
You hit the hobgoblin. You freeze the hobgoblin.
You kill the hobgoblin!
Vehumet accepts your kill.
The jackal bites you but does no damage.
The quokka closely misses you.
You hit the jackal but do no damage.
The jackal is moderately wounded.
The jackal bites you but does no damage.
The quokka bites you.
* * * LOW HITPOINT WARNING * * *
The jackal bites you.
* * * LOW HITPOINT WARNING * * *
You barely miss the jackal.
The jackal is moderately wounded.
The quokka bites you.
You die...

.......#........#,,,,,,,,,**,*
..<....#........#,***...,,,,,*
................#,**#...,>*,,**
................#,,....#**,,,,***
,..............###......,,,**,,,,
,.####..######.........#*****,,,,
,** #..* ##.##......,,,,,,,,, ,*
**#..*#####...r....#*******,,,
,***,...,.......@)....# *,,,
***,.###,....#..h###### *,,,
,>,.#* *....##...# *,,, *****
*####*#...# *,,, #...# *,,, #...#
*,,, #...# **** #...# *,,,*


You could see a quokka and a jackal.

Vanquished Creatures
  An adder (D:2)
  2 endoplasms (D:2)
  8 goblins
  2 hobgoblins
  6 jackals
  6 kobolds
  A quokka (D:1)
  2 ball pythons
  6 bats
  2 frilled lizards (D:2)
  5 rats
41 creatures vanquished.

Notes
Turn   | Place    | Note
-------+----------+-------------------------------------------
     0 | D:1      | PACMANKE the Gnoll Wanderer began the quest for the Orb.
     0 | D:1      | PACMANKE set off with the following items: a +0 club, a +0
                  | cloak, a +0 leather armour, a potion of lignification; and
                  | the following spell memorised: Sting; and the following
                  | spells available to memorise: Spider Form, Mephitic Cloud
     0 | D:1      | Reached XP level 1. HP: 13/13 MP: 4/4
   167 | D:1      | Found a faded altar of an unknown god.
   379 | D:1      | Prayed at the altar of an unknown god.
   379 | D:1      | Became a worshipper of Vehumet
   379 | D:1      | Reached * piety under Vehumet
   379 | D:1      | Offered knowledge of Magic Dart by Vehumet.
   410 | D:1      | Learned a level 1 spell: Magic Dart
   472 | D:1      | Reached XP level 2. HP: 19/19 MP: 1/5
  1231 | D:1      | Reached XP level 3. HP: 24/25 MP: 7/7
  1533 | D:2      | Reached ** piety under Vehumet
  1533 | D:2      | Offered knowledge of Searing Ray by Vehumet.
  1534 | D:2      | Reached skill level 1 in Invocations
  1566 | D:2      | Learned a level 2 spell: Searing Ray
  1837 | D:2      | Reached skill level 1 in Fighting
  1837 | D:2      | Reached skill level 1 in Short Blades
  1837 | D:2      | Reached skill level 1 in Long Blades
  1837 | D:2      | Reached skill level 1 in Axes
  1837 | D:2      | Reached skill level 1 in Maces & Flails
  1837 | D:2      | Reached skill level 1 in Polearms
  1837 | D:2      | Reached skill level 1 in Staves
  1837 | D:2      | Reached skill level 1 in Slings
  1837 | D:2      | Reached skill level 1 in Bows
  1837 | D:2      | Reached skill level 1 in Crossbows
  1837 | D:2      | Reached skill level 1 in Throwing
  1837 | D:2      | Reached skill level 1 in Armour
  1837 | D:2      | Reached skill level 1 in Dodging
  1837 | D:2      | Reached skill level 1 in Shields
  1837 | D:2      | Reached skill level 1 in Evocations
  1858 | D:2      | HP: 1/26 [jackal (3)]
  1859 | D:2      | Slain by a quokka

Illustrated notes

Levels and vault maps discovered:
D:1:      dpeg_arrival_subterranean_lakeside_camping, layout_basic,
          basic_ecumenical_altar, minivault_26
D:2:      layout_rooms, corexii_hall_statues_l

Skill      XL: |  1  2  3 |
---------------+----------+-----
Stealth        | 6 |  6.0
Invocations    | 1 |  1.0
Fighting       | 1 |  1.0
Short Blades   | 1 |  1.0
Long Blades    | 1 |  1.0
Axes           | 1 |  1.0
Maces & Flails | 1 |  1.0
Polearms       | 1 |  1.0
Staves         | 1 |  1.0
Slings         | 1 |  1.0
Bows           | 1 |  1.0
Crossbows      | 1 |  1.0
Throwing       | 1 |  1.0
Armour         | 1 |  1.0
Dodging        | 1 |  1.0
Shields        | 1 |  1.0
Evocations     | 1 |  1.0
Unarmed Combat | |  6.5
Spellcasting   | |  2.9
Conjurations   | |  0.7
Hexes          | |  0.7
Summonings     | |  0.7
Necromancy     | |  0.7
Translocations | |  0.7
Transmutations | |  0.7
Fire Magic     | |  0.7
Ice Magic      | |  0.7
Air Magic      | |  0.7
Earth Magic    | |  0.7
Poison Magic   | |  5.4

Action                   || total
-------------------------++-------
Melee: Unarmed           ||    16
       Club              ||     5
       Dagger            ||    95
       Bite              ||     8
       Punch             ||     2
 Cast: Magic Dart        ||    29
       Sting             ||     3
  Use: Scroll            ||     2
 Stab: Sleeping          ||     4
Armor: Leather armour    ||    45
Dodge: Dodged            ||    72
